 Dungeon Crawl Stone Soup version 0.26.1-11-gd32895ea62 (webtiles) character file.

Game seed: 8712863984354691593

2 Descartes the Ducker (level 1, -1/9 HPs)
             Began as a Felid Transmuter on July 4, 2021.
             Slain by a leopard gecko (4 damage)
             ... on level 1 of the Dungeon.
             The game lasted 00:00:17 (165 turns).

Descartes the Ducker (Felid Transmuter)              Turns: 165, Time: 00:00:17

Health: -1/9       AC:  1    Str:  6    XL:     1   Next: 33%
Magic:  3/4        EV: 18    Int: 14    God:
Gold:   17         SH:  0    Dex: 16    Spells: 3/4 levels left
                                        Lives:  0   Deaths: 0

rFire    . . .     SeeInvis +     - Unarmed
rCold    . . .     Faith    .   (shield unavailable)
rNeg     . . .     Spirit   .   (armour unavailable)
rPois    .         Reflect  .   (helmet unavailable)
rElec    .         Harm     .   (cloak unavailable)
rCorr    .         Rampage  .   (gloves unavailable)
Will     .....                  (boots unavailable)
Stlth    ++........             (no amulet)
HPRegen  0.03/turn              (no ring)
MPRegen  0.09/turn              (no ring)

@: appendages (expiring), quick
A: very small, no armour, no weapons or thrown items, stealth, claws 1, fangs 3,
horns 2, see invisible, speed 1, shaggy fur 1, sharp paws
a: End Transformation


You were on level 1 of the Dungeon.
You had grown temporary horns.
You visited 1 branch of the dungeon, and saw 1 of its levels.

You collected 17 gold pieces.

You aren't carrying anything.


   Skills:
 - Level 1.0 Fighting
 + Level 3.1 Dodging
 - Level 3.0 Unarmed Combat
 - Level 2.0 Spellcasting
 - Level 2.1 Transmutations


You had 3 spell levels left.
You knew the following spells:

 Your Spells              Type           Power        Failure   Level
a - Beastly Appendage     Tmut           14%          10%         1

Your spell library contained the following spells:

 Spells                   Type           Power        Failure   Level
 Wereblood                Tmut           7%           14%         2
 Spider Form              Tmut/Pois      2%           41%         3
 Ice Form                 Ice/Tmut       4%           83%         4
 Blade Hands              Tmut           3%           95%         5


Dungeon Overview and Level Annotations

Branches:
Dungeon (1/15)

Altars:


Innate Abilities, Weirdness & Mutations

You cannot wear armour.
You are incapable of wielding weapons or throwing items.
Your paws allow you to move quietly. (Stealth)
You have sharp claws.
You have razor-sharp teeth.
You have supernaturally acute eyesight. (SInv)
You cover ground quickly.
You are covered in fur. (AC +1)
Your sharp claws are effective at attacking unaware monsters.
You have a pair of horns on your head.


Message History

You grow a pair of large bovine horns.
The leopard gecko misses you. The leopard gecko closely misses you.
Casting: Beastly Appendage (safe; 10% risk of failure)
Confirm with . or Enter, or press ? or * to list all spells.
You don't know that spell.
Casting: Beastly Appendage (safe; 10% risk of failure)
Confirm with . or Enter, or press ? or * to list all spells.
You don't know that spell.
Casting: Beastly Appendage (safe; 10% risk of failure)
Confirm with . or Enter, or press ? or * to list all spells.
You don't know that spell.
Casting: Beastly Appendage (safe; 10% risk of failure)
Confirm with . or Enter, or press ? or * to list all spells.
You don't know that spell.
You barely miss the leopard gecko. The leopard gecko closely misses you.
You scratch the leopard gecko.
The leopard gecko is severely wounded.
Your transformation is almost over.
The leopard gecko bites you.
You die...

#.# #.#
###########.#
#......##...#
#
#......##.###
#.##.....(##.#
#.........##.#
#..l...##.#
#...@(.##.#
#......##.#
#......##.###
######.##...#
#.####.#
#....#.#
####.#.# #.#.#
#.#.#


You could see a leopard gecko.

Vanquished Creatures
  A bat (D:1)
  A hobgoblin (D:1)
2 creatures vanquished.

Notes
Turn   | Place    | Note
-------+----------+-------------------------------------------
     0 | D:1      | Descartes the Felid Transmuter began the quest for the Orb.
     0 | D:1      | Reached XP level 1. HP: 9/9 MP: 4/4
   165 | D:1      | Slain by a leopard gecko

Illustrated notes

Levels and vault maps discovered:
D:1:      wander_arrival_lonely_grave, layout_basic

Skill      XL: |  1 |
---------------+----+-----
Dodging        | 3 |  3.1
Fighting       | |  1.0
Unarmed Combat | |  3.0
Spellcasting   | |  2.0
Transmutations | |  2.1

Action                   || total
-------------------------++-------
Melee: Unarmed           ||    15
       Bite              ||     2
 Cast: Beastly Appendage ||     1
Armor: Skin              ||     1
Dodge: Dodged            ||    18
